 Dungeon Crawl Stone Soup version 0.21.0-25-ge575cb9 (webtiles) character file.

2378 tidbits the Insei (level 9, -15/66 HPs)
             Began as a Gnoll Monk on Jan 24, 2018.
             Was a Priest of Cheibriados.
             Demolished by Gastronok (36 damage)
             ... on level 8 of the Dungeon.
             The game lasted 00:22:31 (2103 turns).

tidbits the Insei (Gnoll Monk)                      Turns: 2103, Time: 00:22:32

Health: -15/66     AC:  8    Str: 20    XL:     9   Next: 45%
Magic:  0/15       EV: 20    Int: 28    God:    Cheibriados [***...]
Gold:   202        SH:  7    Dex: 25    Spells: 16/16 levels left

rFire    . . .     SeeInvis .   e - +0 whip (elec)
rCold    . . .     Gourm    .   D - +1 buckler
rNeg     . . .     Faith    .   B - +0 robe
rPois    .         Spirit   .   E - +2 helmet
rElec    .         Reflect  .   (no cloak)
rCorr    .         Harm     .   (no gloves)
MR       .....                  F - +0 pair of boots
Stlth    ++++......             (no amulet)
HPRegen  0.21/turn              (no ring)
MPRegen  0.14/turn              (no ring)

@: brilliant, very slow
A: distributed training, claws 1, fangs 1, yellow scales 1, frail 1, strong nose
a: Bend Time, Temporal Distortion, Renounce Religion


You were on level 8 of the Dungeon.
You worshipped Cheibriados.
Cheibriados was most pleased with you.
You were very full.

You visited 2 branches of the dungeon, and saw 10 of its levels.

You collected 202 gold pieces.

Inventory:

Hand Weapons
 a - a +2 dagger of freezing
   (You took it off Ijyb on level 5 of the Dungeon)
 d - a +2 dagger of pain
   (You took it off an orc on level 2 of the Dungeon)
 e - a +0 whip of electrocution (weapon)
   (You took it off Pikel on level 7 of the Dungeon)
 h - a +0 short sword
 i - a cursed -2 whip
Missiles
 c - 107 bolts
 n - 9 tomahawks (quivered)
 w - 11 arrows
Armour
 r - a +0 buckler
 x - a +0 shield
 B - a +0 robe (worn)
 D - a +1 buckler (worn)
 E - a +2 helmet (worn)
 F - a +0 pair of boots (worn)
Wands
 k - a wand of flame (44)
Scrolls
 f - 2 scrolls of enchant armour
 g - a scroll of magic mapping
 j - a scroll of noise
 q - a scroll of immolation
Potions
 m - 2 potions of haste
 o - 2 potions of flight
 s - a potion of ambrosia
Comestibles
 b - 9 rations


   Skills:
 + Level 7.8 Fighting
 + Level 4.2 Short Blades
 + Level 4.2 Long Blades
 + Level 4.2 Axes
 + Level 4.2 Maces & Flails
 + Level 4.2 Polearms
 + Level 4.2 Staves
 + Level 4.2 Slings
 + Level 4.2 Bows
 + Level 4.2 Crossbows
 + Level 4.2 Throwing
 + Level 4.2 Armour
 + Level 7.8 Dodging
 + Level 6.0 Stealth
 + Level 4.2 Shields
 + Level 7.8 Unarmed Combat
 + Level 4.2 Spellcasting
 + Level 3.4 Conjurations
 + Level 3.4 Hexes
 + Level 3.4 Charms
 + Level 3.4 Summonings
 + Level 3.4 Necromancy
 + Level 3.4 Translocations
 + Level 3.4 Transmutations
 + Level 3.4 Fire Magic
 + Level 3.4 Ice Magic
 + Level 3.4 Air Magic
 + Level 3.4 Earth Magic
 + Level 3.4 Poison Magic
 + Level 4.6 Invocations
 + Level 4.2 Evocations


You had 16 spell levels left.
You didn't know any spells.

Dungeon Overview and Level Annotations

Branches:
Dungeon (9/15)             Temple (1/1) D:4
   Lair: D:8-11         Orc: D:9-12

Altars:
Ashenzari
Cheibriados
Elyvilon
Fedhas
Gozag
Hepliaklqana
Kikubaaqudgha
Okawaru
Qazlal
Ru
Sif Muna
Trog
Wu Jian
Yredelemnul
Zin
The Shining One

Shops:
D:5 }

Annotations:
D:7 Joseph
D:8 exclusion: wolf, Gastronok, Maurice


Innate Abilities, Weirdness & Mutations

Your experience applies equally to all skills.
You have very sharp teeth.
Your uncanny sense of smell can sniff out nearby items.
You have sharp fingernails.
You are partially covered in yellow scales. (AC +2)
You are frail. (-10% HP)


Message History

The helpless ice beast fails to defend itself.
You spit the ice beast like a pig!!!
You kill the ice beast!
Cheibriados thoroughly appreciates the change of pace.
Your Stealth skill increases to level 6!
The bullfrog gives a loud, deep croak!
Wield which item (- for none, * to show all)? (? for menu, Esc to quit)
You are now empty-clawed.
You block the bullfrog's attack.
You claw the bullfrog!
The bullfrog is severely wounded.
The bullfrog misses you.
You scratch the bullfrog but do no damage.
The bullfrog is severely wounded.
The bullfrog closely misses you. The bullfrog misses you.
You claw the bullfrog!
You kill the bullfrog!
Cheibriados thoroughly appreciates the change of pace.
Found 11 gold pieces.
Found a grey potion.
There is a stone staircase leading up here.
You climb upwards.
Level annotation: Joseph
There is a stone staircase leading down here.
You climb downwards.
Level annotation: exclusion: wolf, Maurice
There is a stone staircase leading up here.
Unknown command.
Gastronok the Ponderous comes into view.
Press: ? - help, v - describe, . - travel
Here: Gastronok, wearing an embroidered hat The floor.
The flow of time bends around you.
Cheibriados rebukes Gastronok.
Gastronok seems to slow down.
You feel slightly less full.
Wield which item (- for none, * to show all)? (? for menu, Esc to quit)
You hear the crackle of electricity.
e - a +0 whip of electrocution (weapon)
You hit Gastronok but do no damage.
Gastronok waves his eye-stalks in wide circles.
The air twists around and strikes you!
* * * LOW HITPOINT WARNING * * *
You feel much better.
You whack Gastronok! You bite Gastronok.
Gastronok is lightly wounded.
You hit Gastronok. You bite Gastronok.
Gastronok is lightly wounded.
Gastronok waves his eye-stalks in wide circles.
The air twists around and strikes you!
Okay, then.
Evoke which item? (* to show all) (? for menu, Esc to quit)
Okay, then.
You hit Gastronok.
Gastronok is lightly wounded.
Gastronok is no longer moving slowly.
The flow of time bends around you.
Gastronok resists with some effort.
You feel slightly less full. The flow of time bends around you.
Gastronok easily resists.
You block Gastronok's attack. The flow of time bends around you.
Gastronok easily resists.
You feel slightly less full. The flow of time bends around you.
Gastronok easily resists.
You feel slightly less full. Gastronok bites you!
* * * LOW HITPOINT WARNING * * *
You don't have enough magic at the moment.
As you read the scroll labeled IHYF FIAFYEFU, it crumbles to dust.
It is a scroll of amnesia.
You feel forgetful for a moment.
Okay, then.
As you read the scroll labeled CUUPRILAUPS, it crumbles to dust.
The dust glows brilliant blue!
It was a scroll of random uselessness.
You block Gastronok's attack.
It was a potion of brilliance.
You feel clever all of a sudden.
You hit Gastronok but do no damage.
Gastronok is lightly wounded.
Gastronok bites you but does no damage.
You don't have enough magic at the moment.
You hit Gastronok. You bite Gastronok, but do no damage.
Gastronok is lightly wounded.
You hit Gastronok. Lightning courses through Gastronok!
Gastronok is moderately wounded.
Gastronok chants a spell, wobbling all the while.
Gastronok puts on a burst of speed!
You whack Gastronok! Lightning courses through Gastronok!
Gastronok is heavily wounded.
You hit Gastronok.
Gastronok is heavily wounded.
Gastronok bites you but does no damage.
You hit Gastronok but do no damage.
Gastronok is heavily wounded.
You hit Gastronok but do no damage. Lightning courses through Gastronok!
Gastronok is heavily wounded.
Gastronok bites you!!
* * * LOW HITPOINT WARNING * * *
You feel better.
Okay, then.
The flow of time bends around you.
Gastronok resists with some effort.
You feel slightly less full. Gastronok bites you!!!
Ouch! That really hurt!
You die...

## ##...### ## #......###.
##.<........ ##...........
##............
##########..........#..
##.......#...........##.
**#.......$............###
**,......w@.............#*#
*,,.......!......#...†...#
**,............####......#
*,...........## #####..#
**.......##...# ####
**#,......#*#...#* #
**#..,#...##* ##...**
#*##..(#*#..#* *#...*
##...#** **** **,,**


You could see Gastronok.

Vanquished Creatures
  Pikel (D:7)
  Menkaure (D:7)
  A sky beast (D:8)
  2 phantoms
  2 ice beasts
  2 ogres (D:7)
  A centaur (D:8)
  2 bullfrogs (D:8)
  A wyvern skeleton (D:8)
  A scorpion (D:6)
  4 killer bees (D:7)
  A crimson imp (D:4)
  3 hounds
  3 orc wizards
  2 bullfrog skeletons
  An orc priest (D:2)
  Ijyb (D:5)
  3 iguanas
  A worker ant (D:5)
  A killer bee zombie (D:7)
  A worker ant zombie (D:8)
  Robin (D:2)
  5 adders
  3 gnolls (D:5)
  3 worms
  5 dart slugs
  3 leopard geckos
  17 orcs
  12 goblins
  7 hobgoblins
  A kobold (D:2)
  A quokka (D:3)
  3 bats
  3 frilled lizards (D:2)
  4 rats
103 creatures vanquished.

Vanquished Creatures (others)
  A sky beast (D:7)
  A slave (D:7)
  An adder (D:3)
3 creatures vanquished.

Grand Total: 106 creatures vanquished

Notes
Turn   | Place    | Note
-------+----------+-------------------------------------------
     0 | D:1      | tidbits the Gnoll Monk began the quest for the Orb.
     0 | D:1      | Reached XP level 1. HP: 23/23 MP: 1/1
   149 | D:1      | Reached XP level 2. HP: 28/29 MP: 2/2
   274 | D:2      | Reached skill level 1 in Invocations
   274 | D:2      | Reached XP level 3. HP: 24/35 MP: 2/4
   325 | D:2      | Noticed Robin
   346 | D:2      | Reached skill level 1 in Short Blades
   346 | D:2      | Reached skill level 1 in Long Blades
   346 | D:2      | Reached skill level 1 in Axes
   346 | D:2      | Reached skill level 1 in Maces & Flails
   346 | D:2      | Reached skill level 1 in Polearms
   346 | D:2      | Reached skill level 1 in Staves
   346 | D:2      | Reached skill level 1 in Slings
   346 | D:2      | Reached skill level 1 in Bows
   346 | D:2      | Reached skill level 1 in Crossbows
   346 | D:2      | Reached skill level 1 in Throwing
   346 | D:2      | Reached skill level 1 in Armour
   346 | D:2      | Reached skill level 1 in Shields
   346 | D:2      | Reached skill level 1 in Spellcasting
   346 | D:2      | Reached skill level 1 in Evocations
   357 | D:2      | Killed Robin
   357 | D:2      | Reached XP level 4. HP: 22/41 MP: 5/5
   432 | D:3      | Found a white marble altar of Elyvilon.
   502 | D:3      | Reached skill level 1 in Conjurations
   502 | D:3      | Reached skill level 1 in Hexes
   502 | D:3      | Reached skill level 1 in Charms
   502 | D:3      | Reached skill level 1 in Summonings
   502 | D:3      | Reached skill level 1 in Necromancy
   502 | D:3      | Reached skill level 1 in Translocations
   502 | D:3      | Reached skill level 1 in Transmutations
   502 | D:3      | Reached skill level 1 in Fire Magic
   502 | D:3      | Reached skill level 1 in Ice Magic
   502 | D:3      | Reached skill level 1 in Air Magic
   502 | D:3      | Reached skill level 1 in Earth Magic
   502 | D:3      | Reached skill level 1 in Poison Magic
   582 | D:4      | Found a staircase to the Ecumenical Temple.
   587 | Temple   | Entered the Ecumenical Temple
   618 | Temple   | Became a worshipper of Cheibriados the Contemplative
   618 | Temple   | Reached * piety under Cheibriados
   618 | Temple   | Reached ** piety under Cheibriados
   790 | D:4      | Reached XP level 5. HP: 20/47 MP: 5/7
   825 | D:4      | Noticed a phantom
   894 | D:4      | Killed a phantom
   894 | D:4      | Reached skill level 2 in Invocations
   894 | D:4      | Reached XP level 6. HP: 53/53 MP: 8/8
   922 | D:3      | Found an ornate altar of the Wu Jian Council.
   969 | D:5      | Entered Level 5 of the Dungeon
   969 | D:5      | Found Zorim's Gadget Boutique.
  1015 | D:5      | Reached skill level 2 in Short Blades
  1015 | D:5      | Reached skill level 2 in Long Blades
  1015 | D:5      | Reached skill level 2 in Axes
  1015 | D:5      | Reached skill level 2 in Maces & Flails
  1015 | D:5      | Reached skill level 2 in Polearms
  1015 | D:5      | Reached skill level 2 in Staves
  1015 | D:5      | Reached skill level 2 in Slings
  1015 | D:5      | Reached skill level 2 in Bows
  1015 | D:5      | Reached skill level 2 in Crossbows
  1015 | D:5      | Reached skill level 2 in Throwing
  1015 | D:5      | Reached skill level 2 in Armour
  1015 | D:5      | Reached skill level 2 in Shields
  1015 | D:5      | Reached skill level 2 in Spellcasting
  1015 | D:5      | Reached skill level 2 in Evocations
  1038 | D:5      | Noticed Ijyb
  1093 | D:5      | Killed Ijyb
  1097 | D:5      | Reached XP level 7. HP: 53/59 MP: 10/10
  1129 | D:5      | Found a blossoming altar of Fedhas.
  1334 | D:6      | Found an opulent altar of Gozag.
  1350 | D:6      | Found a shattered altar of Ashenzari.
  1415 | D:6      | Reached skill level 7 in Fighting
  1415 | D:6      | Reached skill level 7 in Dodging
  1415 | D:6      | Reached skill level 7 in Unarmed Combat
  1459 | D:6      | Reached skill level 2 in Conjurations
  1459 | D:6      | Reached skill level 2 in Hexes
  1459 | D:6      | Reached skill level 2 in Charms
  1459 | D:6      | Reached skill level 2 in Summonings
  1459 | D:6      | Reached skill level 2 in Necromancy
  1459 | D:6      | Reached skill level 2 in Translocations
  1459 | D:6      | Reached skill level 2 in Transmutations
  1459 | D:6      | Reached skill level 2 in Fire Magic
  1459 | D:6      | Reached skill level 2 in Ice Magic
  1459 | D:6      | Reached skill level 2 in Air Magic
  1459 | D:6      | Reached skill level 2 in Earth Magic
  1459 | D:6      | Reached skill level 2 in Poison Magic
  1509 | D:7      | Reached *** piety under Cheibriados
  1531 | D:7      | Noticed Joseph
  1552 | D:7      | Reached skill level 5 in Stealth
  1569 | D:7      | Noticed Menkaure
  1575 | D:7      | Killed Menkaure
  1575 | D:7      | Reached skill level 3 in Invocations
  1586 | D:7      | Gained mutation: You are frail. (-10% HP) [potion of mutation]
  1586 | D:7      | Gained mutation: You are partially covered in yellow scales. (AC +2) [potion of mutation]
  1586 | D:7      | Gained mutation: You have sharp fingernails. [potion of mutation]
  1594 | D:7      | Reached XP level 8. HP: 48/60 MP: 12/12
  1604 | D:7      | Reached skill level 3 in Short Blades
  1604 | D:7      | Reached skill level 3 in Long Blades
  1604 | D:7      | Reached skill level 3 in Axes
  1604 | D:7      | Reached skill level 3 in Maces & Flails
  1604 | D:7      | Reached skill level 3 in Polearms
  1604 | D:7      | Reached skill level 3 in Staves
  1604 | D:7      | Reached skill level 3 in Slings
  1604 | D:7      | Reached skill level 3 in Bows
  1604 | D:7      | Reached skill level 3 in Crossbows
  1604 | D:7      | Reached skill level 3 in Throwing
  1604 | D:7      | Reached skill level 3 in Armour
  1604 | D:7      | Reached skill level 3 in Shields
  1604 | D:7      | Reached skill level 3 in Spellcasting
  1604 | D:7      | Reached skill level 3 in Evocations
  1683 | D:7      | Noticed Pikel
  1704 | D:7      | Killed Pikel
  1704 | D:7      | Reached skill level 3 in Conjurations
  1704 | D:7      | Reached skill level 3 in Hexes
  1704 | D:7      | Reached skill level 3 in Charms
  1704 | D:7      | Reached skill level 3 in Summonings
  1704 | D:7      | Reached skill level 3 in Necromancy
  1704 | D:7      | Reached skill level 3 in Translocations
  1704 | D:7      | Reached skill level 3 in Transmutations
  1704 | D:7      | Reached skill level 3 in Fire Magic
  1704 | D:7      | Reached skill level 3 in Ice Magic
  1704 | D:7      | Reached skill level 3 in Air Magic
  1704 | D:7      | Reached skill level 3 in Earth Magic
  1704 | D:7      | Reached skill level 3 in Poison Magic
  1704 | D:7      | Reached skill level 4 in Invocations
  1704 | D:7      | Reached XP level 9. HP: 36/64 MP: 7/14
  1742 | D:7      | Found a blossoming altar of Fedhas.
  1862 | D:6      | Found a deep blue altar of Sif Muna.
  1934 | D:8      | Noticed Maurice
  1985 | D:8      | Reached skill level 4 in Short Blades
  1985 | D:8      | Reached skill level 4 in Long Blades
  1985 | D:8      | Reached skill level 4 in Axes
  1985 | D:8      | Reached skill level 4 in Maces & Flails
  1985 | D:8      | Reached skill level 4 in Polearms
  1985 | D:8      | Reached skill level 4 in Staves
  1985 | D:8      | Reached skill level 4 in Slings
  1985 | D:8      | Reached skill level 4 in Bows
  1985 | D:8      | Reached skill level 4 in Crossbows
  1985 | D:8      | Reached skill level 4 in Throwing
  1985 | D:8      | Reached skill level 4 in Armour
  1985 | D:8      | Reached skill level 4 in Shields
  1985 | D:8      | Reached skill level 4 in Spellcasting
  1985 | D:8      | Reached skill level 4 in Evocations
  2058 | D:8      | Reached skill level 6 in Stealth
  2076 | D:8      | Noticed Gastronok
  2103 | D:8      | Demolished by Gastronok

Skill      XL: |  1  2  3  4  5  6  7  8  9 |
---------------+----------------------------+-----
Invocations    | 1 2 3 4 |  4.6
Short Blades   | 1 2 3 4 |  4.2
Long Blades    | 1 2 3 4 |  4.2
Axes           | 1 2 3 4 |  4.2
Maces & Flails | 1 2 3 4 |  4.2
Polearms       | 1 2 3 4 |  4.2
Staves         | 1 2 3 4 |  4.2
Slings         | 1 2 3 4 |  4.2
Bows           | 1 2 3 4 |  4.2
Crossbows      | 1 2 3 4 |  4.2
Throwing       | 1 2 3 4 |  4.2
Armour         | 1 2 3 4 |  4.2
Shields        | 1 2 3 4 |  4.2
Spellcasting   | 1 2 3 4 |  4.2
Evocations     | 1 2 3 4 |  4.2
Conjurations   | 1 2 3 |  3.4
Hexes          | 1 2 3 |  3.4
Charms         | 1 2 3 |  3.4
Summonings     | 1 2 3 |  3.4
Necromancy     | 1 2 3 |  3.4
Translocations | 1 2 3 |  3.4
Transmutations | 1 2 3 |  3.4
Fire Magic     | 1 2 3 |  3.4
Ice Magic      | 1 2 3 |  3.4
Air Magic      | 1 2 3 |  3.4
Earth Magic    | 1 2 3 |  3.4
Poison Magic   | 1 2 3 |  3.4
Fighting       | 7 |  7.8
Dodging        | 7 |  7.8
Unarmed Combat | 7 |  7.8
Stealth        | 5 6 |  6.0

Action                   |  1- 3 |  4- 6 |  7- 9 || total
-------------------------+-------+-------+-------++-------
Melee: Unarmed           |    52 |   172 |   125 ||   349
       Bite              |     3 |    25 |    30 ||    58
       Whip              |       |       |    34 ||    34
       Dagger            |       |       |     6 ||     6
Throw: Tomahawk          |       |    21 |    32 ||    53
Invok: Bend Time         |       |       |    13 ||    13
Evoke: Wand              |       |     7 |    11 ||    18
  Use: Potion            |     2 |     5 |     5 ||    12
       Scroll            |     2 |     3 |     4 ||     9
 Stab: Sleeping          |     2 |     4 |     6 ||    12
  Eat: Ration            |     1 |     2 |     1 ||     4
Armor: Robe              |     4 |    22 |    19 ||    45
Dodge: Dodged            |    21 |    73 |    83 ||   177
Block: Buckler           |     2 |    24 |    41 ||    67

Table legend:
 A = Turns spent in this place as a percentage of turns spent in the entire game.
 B = Non-inter-level travel turns spent in this place as a percentage of non-inter-level travel turns spent in the entire game.
 C = Inter-level travel turns spent in this place as a percentage of turns spent in this place.
 D = Turns resting spent in this place as a percentage of non-inter-level travel turns spent in this place.
 E = Turns spent auto-exploring this place as a percentage of non-inter-level travel turns spent in this place.
 F = Non-inter-level travel turns spent in this place divided by the number of levels of this place that you've seen.
                   A       B       C       D       E      F
               +-------+-------+-------+-------+-------+----------------------
         Total | 100.0 | 100.0 |   0.5 |   0.0 |   0.0 | 209.3
       Dungeon |  97.9 |  98.4 |   0.0 |   0.0 |   0.0 | 228.8
        Temple |   2.1 |   1.6 |  22.7 |   0.0 |   0.0 |  34.0
               +-------+-------+-------+-------+-------+----------------------

Table legend:
 A = Kills in this place as a percentage of kills in entire the game.
 B = Kills by you in this place as a percentage of kills by you in the entire game.
 C = Kills by friends in this place as a percentage of kills by friends in the entire game.
 D = Other kills in this place as a percentage of other kills in the entire game.
 E = Experience gained in this place as a percentage of experience gained in the entire game.
 F = Experience gained in this place divided by the number of levels of this place that you have seen.
                   A       B       C       D       E      F
               +-------+-------+-------+-------+-------+----------------------
         Total | 100.0 | 100.0 |   N/A | 100.0 | 100.0 | 339.8
       Dungeon | 100.0 | 100.0 |   N/A | 100.0 | 100.0 | 377.6
               +-------+-------+-------+-------+-------+----------------------

Vault maps used:
D:1:      nicolae_arrival_washed_ashore
D:2:      uniq_robin, uniq_jessica
D:3:      elyvilon_altar_4, nicolae_overflow_hidden_temple,
          chequers_temple_overflow_statue_of_worship, first_ration,
          kennysheep_generic_room_14, uniq_grinder
D:4:      old_standard_altar, temple_fountains, minmay_misc_feat_nine_boxes,
          hangedman_abyss_or_decor_passed
D:5:      kennysheep_mini_moat, basic_altar, serial_shops, shop, shop, shop,
          uniq_crazy_yiuf_cottage, uniq_ijyb
D:6:      led_sif_book, grunt_gozag_breadcrumbs, ashenzari_altar_1
D:7:      amethyst_overflow_temple_binary, nicolae_overflow_crystal_walls,
          serial_shops, shop, fedhas_altar_fruit_tree, uniq_pikel, uniq_joseph,
          uniq_menkaure
D:8:      basic_altar, uniq_maurice, uniq_gastronok, uniq_grum
D:9:      cheibrodos_two_vegetables, basic_altar
Temple:   eino_wide_crystal_templ
